 Dungeon Crawl Stone Soup version 0.31-a0-702-gf82c85558f (webtiles) character file.

Game seed: 8959354654378565335

5158 runemasterragnar the Mimic (level 10, -3/81 HPs)
             Began as a Demigod Shapeshifter on Sept 8, 2023.
             Slain by Erica
             ... wielding a +4 scimitar of flaming
              (5 damage)
             ... on level 8 of the Dungeon.
             The game lasted 00:09:08 (7644 turns).

runemasterragnar the Mimic (Demigod Shapeshifter)   Turns: 7644, Time: 00:09:09

Health: -3/81      AC:  2    Str: 24    XL:     10   Next: 12%
Magic:  13/13      EV: 20    Int: 11    God:
Gold:   423        SH:  0    Dex: 17    Spells: 9/9 levels left

rFire   . . .        A - +4 hand axe of the Blowfly {venom, rC+ rCorr}
rCold   + + +        (no shield)
rNeg    . . .        a - +0 animal skin
rPois   .            (helmet currently unavailable)
rElec   .            (cloak currently unavailable)
rCorr   +            (gloves currently unavailable)
SInv    .            (boots currently unavailable)
Will    +....        p - amulet of the acrobat
Stlth   ++           f - +5 ring of evasion
HPRegen 0.33/turn    u - ring of protection from cold
MPRegen 0.13/turn

%: random rage (3%), acrobat
@: beast-form
A: beast (slay +4), high MP 1, forlorn, divine attributes, agile 1, berserk 1,
cold resistance 1, weak 1
a: Begin Untransformation


You were on level 8 of the Dungeon.
You were a hulking beast.
You visited 1 branch of the dungeon, and saw 8 of its levels.

You collected 423 gold pieces.

Inventory:

Hand Weapons
 A - the +4 hand axe of the Blowfly (weapon) {venom, rC+ rCorr}
   (You found it on level 6 of the Dungeon)

   rC+:       It protects you from cold.
   rCorr:     It protects you from acid and corrosion.
Missiles
 s - a throwing net
 v - 10 boomerangs
Armour
 a - a +0 animal skin (worn)
 k - a +0 helmet
 n - a +0 pair of gloves
Jewellery
 f - a +5 ring of evasion (left hand)
 p - an amulet of the acrobat (around neck)
 t - a ring of willpower
 u - a ring of protection from cold (right hand)
 w - a +5 ring of evasion
 B - a ring of resist corrosion
Talismans
 c - a beast talisman (active)
 d - a flux talisman
Wands
 y - a wand of flame (10)
Scrolls
 b - a scroll of poison {unknown}
 e - 3 scrolls of noise {unknown}
 g - 3 scrolls of fear
 i - 3 scrolls of teleportation {unknown}
 l - 7 scrolls of identify
 m - 4 scrolls of fog
 o - a scroll of enchant armour {unknown}
 q - 2 scrolls of immolation {unknown}
 z - a scroll of blinking {unknown}
 C - a scroll of silence {unknown}
Potions
 r - 2 potions of curing
 x - 2 potions of attraction


   Skills:
 + Level 5.3 Fighting
 + Level 4.1 Throwing
 + Level 5.7 Dodging
 + Level 6.0 Unarmed Combat
 + Level 10.8 Shapeshifting


You had 9 spell levels left.
You didn't know any spells.
Your spell library contained the following spells:

 Spells                   Type           Power      Damage    Failure   Level
 Necrotise                Necr           0%         1d4       34%         1
 Summon Small Mammal      Summ           0%         N/A       34%         1
 Call Canine Familiar     Summ           0%         N/A       71%         3
 Frozen Ramparts          Ice            0%         1d1       71%         3
 Summon Guardian Golem    Hex/Summ       0%         N/A       71%         3
 Vampiric Draining        Necr           0%         2d6       71%         3
 Volatile Blastmotes      Fire/Tloc      0%         2d10      71%         3
 Fulminant Prism          Conj/Hex       0%         3d5       98%         4
 Iskenderun's Mystic Bla  Conj/Tloc      0%         2d3       98%         4
 Petrify                  Tmut/Erth      0%         N/A       98%         4
 Agony                    Necr           0%         N/A       100%        5
 Metabolic Englaciation   Hex/Ice        0%         N/A       100%        5
 Orb of Destruction       Conj           0%         9d5       100%        7
 Spellforged Servitor     Conj/Summ      0%         N/A       100%        7


Dungeon Overview and Level Annotations

Branches:
Dungeon (8/15)             Temple (0/1) D:6            Lair (0/5) D:8

Shops:
D:7 *

Annotations:
D:8 Erica


Innate Abilities, Weirdness & Mutations

You are a hulking beast.
Your limbs bulge with bestial killing power. (Slay +4)
You have an increased reservoir of magic. (+10% MP)
You shall have no god before yourself.
Your divine heritage dramatically boosts your attributes as you level up.
You are agile. (Dex +4, Str/Int -1)
You sometimes lose your temper in combat.
Your flesh is cold resistant. (rC+)
You are weak. (Str -2)


Message History

Anything else - Cancel.
Okay, then.
Throw: 10 boomerangs
Press: ? - help, Shift-Dir - straight line, f - Erica
Aim: Erica, wielding a +4 scimitar of flaming and wearing a +1 robe (63% to hit)
You throw a boomerang. The boomerang barely misses Erica.
Throw: 2 throwing nets
Press: ? - help, Shift-Dir - straight line, f/p - Erica
Aim: Erica, wielding a +4 scimitar of flaming and wearing a +1 robe (63% to hit)
You throw a throwing net. The throwing net hits Erica.
Erica is caught in the net!
You hear the creaking of a distant portcullis.
Erica struggles against the net.
Erica struggles against the net.
You strike the helpless Erica from behind!
You slash Erica!
Erica is poisoned.
Erica is lightly wounded.
Erica screams, "Hurry, death AWAITS you!"
Erica struggles against the net.
You slash Erica!
Erica is moderately wounded.
Erica struggles against the net.
You hit Erica but do no damage.
Erica looks as sick as possible!
Erica is moderately wounded.
Erica says, "Fast and perfect.
Such is my way of killing."
Erica struggles against the net.
Erica mumbles some strange words.
Erica flickers and vanishes!
Deactivating autopickup; reactivate with Ctrl-A.
Something wriggles in the net.
All of a sudden the net rips apart!
Unknown command.
You hit something.
Unknown command.
You slash something! Something hits you! Something burns you.
* * * LOW HITPOINT WARNING * * *
Unknown command.
You closely miss something. Something hits you!
* * * LOW HITPOINT WARNING * * *
Something burns you.
You die...

###..o.<.######
##.#####.######
..######.######
..######o######
...#####.######
....####.########
...#####....).†.#
..#############.#######
.## *,,........h{....#
##****,*#####.........#*
,,,,,,,,,**#...........#
,,,,,,,,,..............#
,*******,#.............#
,***** *..#.........$.##
,,,,,* *.###..........#
,***,* *,,*.#.......#.#*
,***,* *,*,**,,,<,,,,,,*


There were no monsters in sight!

Vanquished Creatures
  Grinder (D:3)
  Eustachio (D:4)
  A wyvern (D:8)
  A yak (D:8)
  Menkaure (D:7)
  2 water moccasins
  Duvessa (D:6)
  A sky beast (D:6)
  2 orc warriors
  3 ice beasts
  A black bear (D:6)
  A centaur (D:6)
  2 bullfrogs
  Dowan (D:6)
  5 killer bees (D:7)
  A hound (D:5)
  3 orc priests
  A jelly (D:5)
  3 orc wizards
  2 iguanas (D:5)
  Robin (D:2)
  10 gnolls
  9 adders
  2 shadow imps (D:6)
  4 white imps (D:6)
  2 ufetubi
  2 adder zombies (D:3)
  2 worms
  2 dart slugs
  21 orcs
  5 ball pythons
  7 endoplasms
  16 giant cockroaches
  13 goblins
  8 hobgoblins
  3 jackals (D:4)
  A quokka (D:1)
  2 ball python zombies (D:3)
  3 bats (D:2)
  3 frilled lizards
  6 kobolds
  2 rats
158 creatures vanquished.

Vanquished Creatures (others)
  Sigmund (D:6)
1 creature vanquished.

Grand Total: 159 creatures vanquished

Notes
Turn   | Place    | Note
-------+----------+-------------------------------------------
     0 | D:1      | runemasterragnar the Demigod Shapeshifter began the quest
                  | for the Orb.
     0 | D:1      | Reached XP level 1. HP: 15/15 MP: 3/3
   125 | D:1      | Reached skill level 1 in Fighting
   234 | D:1      | Reached XP level 2. HP: 9/23 MP: 4/4
   595 | D:1      | Reached skill level 3 in Shapeshifting
   595 | D:1      | Reached XP level 3. HP: 28/28 MP: 5/5
  1057 | D:2      | Noticed Robin
  1088 | D:2      | Killed Robin
  1089 | D:2      | Reached XP level 4. HP: 27/36 MP: 6/6
  1556 | D:3      | Noticed Grinder
  1557 | D:3      | Paralysed by Grinder for 2 turns
  1563 | D:3      | Paralysed by Grinder for 3 turns
  1975 | D:3      | Killed Grinder
  1976 | D:3      | Reached XP level 5. HP: 23/44 MP: 7/7
  1976 | D:3      | Reached XP level 6. HP: 26/50 MP: 8/8
  2899 | D:4      | Noticed Eustachio
  2945 | D:5      | Entered Level 5 of the Dungeon
  2977 | D:5      | Identified the +9 ring mail of Mysticism {rPois Dex-5
                  | Slay-3 SInv}
  3205 | D:5      | Reached skill level 4 in Shapeshifting
  3453 | D:5      | Reached skill level 1 in Throwing
  3453 | D:5      | Reached XP level 7. HP: 34/57 MP: 9/9
  4310 | D:4      | Killed Eustachio
  5111 | D:6      | Found a staircase to the Ecumenical Temple.
  5144 | D:6      | Reached skill level 5 in Unarmed Combat
  5147 | D:6      | Reached XP level 8. HP: 57/66 MP: 10/10
  5410 | D:6      | Identified the +4 hand axe of the Blowfly {venom, rC+
                  | rCorr}
  5427 | D:6      | Noticed Duvessa
  5428 | D:6      | Noticed Dowan
  5430 | D:6      | Noticed Sigmund
  5437 | D:6      | Killed Duvessa
  5444 | D:6      | Gained mutation: You sometimes lose your temper in combat.
                  | [potion of mutation]
  5444 | D:6      | Gained mutation: You are weak. (Str -2) [potion of
                  | mutation]
  5444 | D:6      | Gained mutation: You are agile. (Dex +4, Str/Int -1)
                  | [potion of mutation]
  5444 | D:6      | Gained mutation: Your flesh is cold resistant. (rC+)
                  | [potion of mutation]
  5447 | D:6      | Killed Sigmund
  5450 | D:6      | Killed Dowan
  5451 | D:6      | Reached skill level 5 in Shapeshifting
  5602 | D:6      | Reached skill level 5 in Dodging
  6212 | D:7      | Noticed Menkaure
  6217 | D:7      | Killed Menkaure
  6376 | D:7      | Reached skill level 5 in Fighting
  6589 | D:7      | Reached skill level 10 in Shapeshifting
  6589 | D:7      | Reached XP level 9. HP: 20/74 MP: 11/11
  6594 | D:7      | Reached XP level 10. HP: 19/81 MP: 13/13
  6848 | D:7      | Found Gozag's Platinum Reserve.
  7634 | D:8      | Noticed Erica
  7644 | D:8      | HP: 2/81 [something (17)]
  7644 | D:8      | Slain by Erica

Illustrated notes

Levels and vault maps discovered:
D:1:      giann_horns, layout_loops_ring, minmay_misc_feat_tiny
D:2:      layout_basic, uniq_robin
D:3:      minmay_roachtagon, layout_basic, nicolae_yredelemnul_corpse_copse,
          uniq_grinder
D:4:      layout_basic, eino_curves_03, hangedman_glass_teeth, uniq_eustachio
D:5:      layout_loops_ring, mainiacjoe_overflow_surrounded_room,
          minmay_misc_feat_hallway, minmay_puff
D:6:      layout_basic, overflow_temple_1_default, okawaru_ov_weapons_minmay,
          minmay_temple_entry_drinking_statues, chequers_serial_rivers_micro_e,
          kennysheep_decorative_pillar, uniq_duvessa, uniq_sigmund
D:7:      layout_basic, mainiacjoe_overflow_large_starburst,
          nicolae_gozag_zags_fifth_avenue, uniq_menkaure
D:8:      layout_loops_ring, minmay_lair_entry_grove, enter_bailey_5,
          uniq_psyche, uniq_erica

Skill      XL: |  1  2  3  4  5  6  7  8  9 10 |
---------------+-------------------------------+-----
Fighting       | 1 2 3 4 5 |  5.3
Dodging        | 2 3 4 5 |  5.7
Unarmed Combat | 3 4 5 6 |  6.0
Shapeshifting  | 3 4 10 | 10.8
Throwing       | 1 2 3 4 |  4.1

Action                     |  1- 3 |  4- 6 |  7- 9 | 10-12 || total
---------------------------+-------+-------+-------+-------++-------
  Melee: Unarmed           |   121 |   210 |   113 |       ||   444
         Punch             |       |    12 |     5 |     2 ||    19
         Hand axe          |       |       |    88 |    31 ||   119
  Throw: Throwing net      |       |       |       |     1 ||     1
         Boomerang         |       |       |       |     1 ||     1
    Use: Potion            |     3 |     1 |    11 |     2 ||    17
         Scroll            |       |     2 |       |     2 ||     4
   Stab: Sleeping          |     1 |     1 |     2 |     1 ||     5
         Invisible         |       |       |     1 |       ||     1
         Held in net/web   |       |       |       |     1 ||     1
 Armour: Animal skin       |    36 |    71 |   101 |    12 ||   220
         Skin              |    19 |    14 |    12 |       ||    45
  Dodge: Dodged            |   119 |   206 |   232 |    32 ||   589
   Form: Flux              |       |       |       |     1 ||     1

Table legend: (Time is in decaauts)
 A = Elapsed time spent in this place.
 B = Non-inter-level travel time spent in this place.
 C = Inter-level travel time spent in this place.
 D = Time resting spent in this place.
 E = Time spent auto-exploring this place.
 F = Levels seen in this place.
 G = Mean time per level.
                   A        B        C        D        E       F      G
               +--------+--------+--------+--------+--------+-----+--------+
         Total |   7647 |   7492 |    155 |    515 |   5657 |   8 |  955.9 |
       Dungeon |   7647 |   7492 |    155 |    515 |   5657 |   8 |  955.9 |
               +--------+--------+--------+--------+--------+-----+--------+

Top non-repeatable levels by time:
     D:3: 1555 daAuts
     D:7: 1368 daAuts
     D:5: 1304 daAuts
     D:6: 1083 daAuts
     D:4: 985 daAuts
     D:1: 667 daAuts
     D:2: 525 daAuts
     D:8: 158 daAuts
